 Dungeon Crawl Stone Soup version 0.23.2-1-ga50397a6bc (webtiles) character file.

Game seed: 11534306413830902702

124 Mrkan the Ruffian (level 4, -1/45 HPs)
             Began as a Troll Monk on May 17, 2019.
             Slain by an orc wizard
             ... wielding a +0 dagger
              (4 damage)
             ... on level 3 of the Dungeon.
             The game lasted 00:06:14 (1554 turns).

Mrkan the Ruffian (Troll Monk)                      Turns: 1554, Time: 00:06:14

Health: -1/45      AC:  6    Str: 19    XL:     4   Next: 81%
Magic:  3/3        EV: 10    Int:  7    God:
Gold:   106        SH:  0    Dex: 12    Spells: 3/3 levels left

rFire    . . .     SeeInvis .     - Unarmed
rCold    . . .     Gourm    +   (no shield)
rNeg     . . .     Faith    .   a - +0 robe
rPois    .         Spirit   .   (helmet restricted)
rElec    .         Reflect  .   (no cloak)
rCorr    .         Harm     .   (gloves unavailable)
MR       .....                  (boots unavailable)
Stlth    ++........             (no amulet)
HPRegen  0.55/turn              (no ring)
MPRegen  0.08/turn              (no ring)

@: no status effects
A: large, unfitting armour, claws 3, fast metabolism 3, gourmand, regeneration
1, shaggy fur 1, tough skin 3
a: no special abilities


You were on level 3 of the Dungeon.
You were not hungry.

You visited 1 branch of the dungeon, and saw 3 of its levels.

You collected 106 gold pieces.

Inventory:

Armour
 a - a +0 robe (worn)
 m - a +2 shield
 o - a +0 cloak
Jewellery
 h - an uncursed ring of resist corrosion {unknown}
Scrolls
 c - a scroll of amnesia {unknown}
 d - a scroll of magic mapping {unknown}
 g - a scroll of identify {unknown}
 i - a scroll of fog {unknown}
 j - a scroll of enchant weapon {unknown}
 k - a scroll of remove curse {unknown}
 n - a scroll of teleportation {unknown}
 p - a scroll of blinking {unknown}
Potions
 e - a potion of lignification {unknown}
 f - a potion of mutation {unknown}
 l - a potion of curing {unknown}
 q - a potion of resistance {unknown}
Comestibles
 b - 2 rations


   Skills:
 + Level 3.3 Fighting
 - Level 2.4 Dodging
 - Level 1.0 Stealth
 * Level 4.9 Unarmed Combat


You had 3 spell levels left.
You didn't know any spells.
Your spell library was empty.

Dungeon Overview and Level Annotations

Branches:
Dungeon (3/15)

Altars:


Innate Abilities, Weirdness & Mutations

You are too large for most types of armour.
You have claws for hands.
Your metabolism is lightning-fast.
You like to eat raw meat.
Your natural rate of healing is unusually fast.
You are covered in fur. (AC +1)
You have extremely tough skin. (AC +3)


Message History

You barely miss the orc wizard.
The orc wizard mumbles some strange words.
The orc wizard flickers and vanishes!
Deactivating autopickup; reactivate with Ctrl-A.
The orc priest hits you.
* * * LOW HITPOINT WARNING * * *
You scratch something. You claw something.
You hear some strange, mumbled words.
A puff of flame appears from out of thin air!
The puff of flame hits you!
* * * LOW HITPOINT WARNING * * *
The orc priest barely misses you.
You closely miss the orc priest. Something hits you.
* * * LOW HITPOINT WARNING * * *
The orc priest hits you.
* * * LOW HITPOINT WARNING * * *
You claw the orc priest!
The orc priest is heavily wounded.
Something hits you.
You die...

### ### ##.##
##.## #...#
#...#
##...###.).##
#..#..#..#@{#
##.###.#.###o#
##..# #...#
..# #..##
##.## #..#
#..# #.# ....
#)## ####
#####
#.#####.#
#.......#
#######.#


You could see an orc priest.

Vanquished Creatures
  Crazy Yiuf (D:2)
  An orc wizard (D:3)
  2 adders
  2 worms (D:2)
  A dart slug (D:1)
  3 leopard geckos
  5 orcs
  A giant cockroach (D:1)
  3 goblins
  2 hobgoblins
  5 kobolds
  A quokka (D:3)
  3 bats
  3 frilled lizards
  4 rats
37 creatures vanquished.

Notes
Turn   | Place    | Note
-------+----------+-------------------------------------------
     0 | D:1      | Mrkan the Troll Monk began the quest for the Orb.
     0 | D:1      | Reached XP level 1. HP: 22/22 MP: 0/0
    70 | D:1      | Reached XP level 2. HP: 29/29 MP: 1/1
   662 | D:2      | Reached XP level 3. HP: 36/36 MP: 2/2
   905 | D:2      | Reached skill level 4 in Unarmed Combat
  1128 | D:2      | Found a runed translucent door.
  1129 | D:2      | Noticed Crazy Yiuf
  1424 | D:2      | Killed Crazy Yiuf
  1424 | D:2      | Reached XP level 4. HP: 41/45 MP: 3/3
  1554 | D:3      | Slain by an orc wizard

Skill      XL: |  1  2  3 |
---------------+----------+-----
Unarmed Combat | 4 |  4.9
Fighting       | 3 |  3.3
Dodging        | |  2.4
Stealth        | |  1.0

Action                   |  1- 3 |  4- 6 || total
-------------------------+-------+-------++-------
Melee: Unarmed           |    89 |    29 ||   118
       Punch             |     2 |     1 ||     3
 Stab: Sleeping          |     3 |       ||     3
  Eat: Chunk             |     5 |     4 ||     9
       Ration            |     1 |       ||     1
Armor: Robe              |    23 |     9 ||    32
Dodge: Dodged            |    38 |    10 ||    48
